 Dungeon Crawl Stone Soup version 0.23-a0-344-ge122d05652 (webtiles) character file.

37461 Leibowitz the Unseen (level 13, -9/59 HPs)
             Began as a Spriggan Enchanter on Oct 18, 2018.
             Was a High Priest of Sif Muna.
             Mangled by an orc warrior
             ... wielding a +0 scimitar
              (36 damage)
             ... on level 13 of the Dungeon on Oct 19, 2018.
             The game lasted 01:42:34 (22892 turns).

Leibowitz the Unseen (Spriggan Enchanter)          Turns: 22892, Time: 01:42:35

Health: -9/59      AC:  5    Str:  2    XL:     13   Next: 58%
Magic:  20/32      EV: 30    Int: 20    God:    Sif Muna [*****.]
Gold:   983        SH:  0    Dex: 18    Spells: 16/40 levels left

rFire    . . .     SeeInvis +   j - +3 quick blade
rCold    + . .     Gourm    .   (shield restricted)
rNeg     . . .     Faith    +   l - +2 robe {rC+}
rPois    .         Spirit   .   U - +1 hat
rElec    .         Reflect  .   S - scarf {cloud immunity}
rCorr    .         Harm     .   (gloves unavailable)
MR       +++..                  (boots unavailable)
Stlth    ++++++....             t - amulet of faith
HPRegen  0.19/turn              B - +3 ring of slaying
MPRegen  0.23/turn              X - ring of protection from magic

@: shrouded, infused, singing, very slightly contaminated, invisible, very quick
A: very small, unfitting armour, see invisible, herbivore, speed 3, slow
metabolism 2, weak 1
a: Divine Energy, Channel Magic, Forget Spell, Renounce Religion


You were on level 13 of the Dungeon.
You worshipped Sif Muna.
Sif Muna was extremely pleased with you.
You were not hungry.

You visited 4 branches of the dungeon, and saw 20 of its levels.
You also visited: Labyrinth and Sewer.

You collected 1165 gold pieces.
You spent 182 gold pieces at shops.

Inventory:

Hand Weapons
 a - a +0 dagger of venom
 b - a +0 blowgun
 j - a +3 quick blade (weapon)
 P - the +1 dagger of Grace {protect, rC- rN++ Str+3 SInv}
   (You found it on level 3 of the Lair of Beasts)

   It protects the one who uses it against injury (+AC on strike).
   It affects your strength (+3).
   It makes you vulnerable to cold.
   It greatly protects you from negative energy.
   It lets you see invisible.
Missiles
 f - a throwing net (quivered)
 h - 2 curare-tipped needles
 E - 69 poisoned needles
Armour
 l - a +2 robe of cold resistance (worn)
 S - a scarf of cloud immunity (worn)
 U - a +1 hat (worn)
Magical Staves
 J - an uncursed staff of wizardry
Jewellery
 q - an uncursed ring of teleportation
 t - an amulet of faith (around neck)
 B - a +3 ring of slaying (left hand)
 G - an uncursed ring of resist corrosion
 N - an uncursed ring of protection from fire
 V - an uncursed ring of flight
 X - a ring of protection from magic (right hand)
Wands
 e - a wand of enslavement (42)
 p - a wand of polymorph (27)
 v - a wand of scattershot (6)
 y - a wand of disintegration (20)
 D - a wand of iceblast (29)
 F - a wand of flame (57)
 K - a wand of paralysis (13)
 Q - a wand of clouds (12)
 T - a wand of acid (9)
Scrolls
 c - 6 scrolls of remove curse
 k - 2 scrolls of enchant armour
 m - 6 scrolls of amnesia
 n - 8 scrolls of teleportation
 o - a scroll of fog
 r - 5 scrolls of immolation
 w - 2 scrolls of fear
 R - 11 scrolls of identify
Potions
 g - 2 potions of cancellation
 i - a potion of ambrosia
 s - 4 potions of lignification
 x - 13 potions of curing
 z - 2 potions of haste
 A - a potion of heal wounds
 C - 4 potions of flight
 H - 3 potions of might
 W - 2 potions of agility
 Z - a potion of magic
Miscellaneous
 I - 2 phantom mirrors
Comestibles
 d - 30 rations


   Skills:
 + Level 2.5 Fighting
 + Level 5.9 Short Blades
 + Level 1.1 Throwing
 * Level 13.4 Dodging
 + Level 15.9 Stealth
 * Level 14.4 Spellcasting
 + Level 0.1 Conjurations
 * Level 13.7 Hexes
 + Level 4.9 Ice Magic
 + Level 0.4 Evocations


You had 16 spell levels left.
You knew the following spells:

 Your Spells              Type           Power        Failure   Level  Hunger
a - Corona                Hex            ######.      0%          1    None
b - Ensorcelled Hibernat  Hex/Ice        ######       1%          2    None
c - Confuse               Hex            ######..     1%          3    None
d - Fulminant Prism       Conj/Hex       #####.....   2%          4    None
e - Dazzling Spray        Conj/Hex       #####.       1%          3    None
f - Spectral Weapon       Hex/Chrm       #####...     1%          3    None
g - Infusion              Chrm           ##..         4%          1    None
h - Shroud of Golubria    Chrm/Tloc      ##........   7%          2    None
i - Song of Slaying       Chrm           ##......     7%          2    None
j - Regeneration          Chrm/Necr      ##........   13%         3    None

Your spell library contained the following spells:

 Spells                   Type           Power        Failure   Level  Hunger
 Tukima's Dance           Hex            ######..     1%          3    None
 Cause Fear               Hex            ######....   1%          4    None
 Flame Tongue             Conj/Fire      ##...        4%          1    None
 Magic Dart               Conj           ##..         4%          1    None
 Sandblast                Erth           ##....       4%          1    None
 Searing Ray              Conj           ##....       6%          2    None
 Passwall                 Tmut/Erth      ##......     7%          2    None
 Silence                  Hex/Air        #####.....   8%          5    ###....
 Conjure Flame            Conj/Fire      ##......     13%         3    None
 Stone Arrow              Conj/Erth      ##....       13%         3    None
 Iskenderun's Mystic Bla  Conj           ##......     38%         4    None
 Force Lance              Conj/Tloc      ##......     41%         4    None
 Petrify                  Tmut/Erth      ##......     41%         4    None
 Sticky Flame             Conj/Fire      ##......     41%         4    None
 Summon Lightning Spire   Summ/Air       ##......     41%         4    None
 Irradiate                Conj/Tmut      ##........   77%         5    ###....
 Lee's Rapid Deconstruct  Erth           ##........   77%         5    ###....
 Bolt of Fire             Conj/Fire      ##........   100%        6    #####..
 Conjure Ball Lightning   Conj/Air       ##........   100%        6    #####..
 Deflect Missiles         Chrm/Air       ##........   100%        6    #####..
 Dragon Form              Tmut           ##........   100%        7    ######.
 Chain Lightning          Conj/Air       ##........   100%        8    #######
 Necromutation            Tmut/Necr      ##........   100%        8    #######
 Dragon's Call            Summ           ##........   100%        9    #######
 Tornado                  Air            ##........   100%        9    #######


Dungeon Overview and Level Annotations

Branches:
Dungeon (13/15)            Temple (1/1) D:7            Lair (5/6) D:9
 Shoals (0/4) Lair:2       Spider (0/4) Lair:2        Slime (0/5) Lair:5
    Orc (1/2) D:10
 Vaults: D:13-14

Altars:
Ashenzari
Cheibriados
Dithmenos
Elyvilon
Fedhas
Gozag
Hepliaklqana
Kikubaaqudgha
Makhleb
Nemelex Xobeh
Okawaru
Qazlal
Ru
Sif Muna
Trog
Uskayaw
Wu Jian
Xom
Yredelemnul
Zin
The Shining One

Shops:
D:5 [[*   D:6 (   D:7 !

Portals:
Trove: D:10 (give 6 scrolls of blinking)

Annotations:
Lair:2 exclusion: 2 oklob plants
Lair:5 exclusion: oklob plant, Rupert
Orc:1 Nergalle


Innate Abilities, Weirdness & Mutations

You are very small and have problems with some larger weapons.
You are too small for most types of armour.
You have supernaturally acute eyesight. (SInv)
You are a herbivore.
You cover ground extremely quickly.
You need to consume almost no food.
You are weak. (Str -2)


Message History

Casting: Shroud of Golubria (safe; 7% risk of failure)
Confirm with . or Enter, or press ? or * to list all spells.
You start singing a song of slaying.
The orc warrior hits you with a +0 scimitar!!
You hit the orc warrior.
The orc warrior is heavily wounded.
You hear a shout!
You hit the orc warrior.
The orc warrior is heavily wounded.
You fade into invisibility!
The orc warrior completely misses you.
You are very lightly contaminated with residual magic.
You hit the orc warrior.
The orc warrior is severely wounded.
You hear a shout!
You barely miss the orc warrior.
The orc warrior is severely wounded.
The orc warrior hits you with a +0 scimitar!!!
Ouch! That really hurt!
You die... ................#####.# ......[..######.......# .........# #..###### .........# #####.# .........# #$..#.# .........# #o.o#.# .........# #ooooo#

.........#
#oo)#o#
.........#
#.oo#@#
..#####..#
#####.#
..# #..#
).# #.#
#..# #..#
#.# #...
...# #†#
#....
....# #.#
....# #.#
###..# #.#


You could see 3 orc warriors and an orc priest.

Vanquished Creatures
  A minotaur (Lab)
  Harold (D:11)
  2 hydras
  Fannar (D:11)
  A centaur warrior (D:13)
  A two-headed ogre (D:11)
  Erica (D:8)
  4 lindwurms (Lair:4)
  Pikel (D:8)
  2 deep elf magi (D:12)
  A cyclops (D:11)
  3 ugly things
  10 elephants
  A black mamba (Lair:1)
  9 spiny frogs
  6 komodo dragons
  3 trolls
  A polar bear (Lair:2)
  6 slime creatures (D:12)
  A blink frog (Lair:5)
  4 hippogriffs
  3 redbacks (Lair:2)
  Sigmund (D:4)
  A wyvern (D:10)
  Grum (D:8)
  A basilisk (Lair:3)
  29 yaks
  6 vampire mosquitoes
  4 hungry ghosts
  A soldier ant (D:11)
  5 water moccasins
  Duvessa (D:5)
  4 porcupines
  Purgy (Sewer)
  5 orc warriors
  2 ice beasts
  3 sky beasts
  2 black bears
  10 centaurs
  5 ogres
  5 phantoms
  21 wolves
  2 big kobolds
  9 crocodiles
  7 bullfrogs
  Dowan (D:5)
  3 troll zombies (D:10)
  11 scorpions
  11 killer bees
  12 wights
  2 howler monkeys
  4 crimson imps
  2 centaur zombies
  2 bullfrog skeletons (D:9)
  8 hounds
  8 orc priests
  A centaur skeleton (D:6)
  6 jellies
  4 orc wizards
  Natasha (twice) (D:4)
  An iguana (D:4)
  3 worker ants
  3 ogre zombies (D:10)
  A hound zombie (D:6)
  A hound skeleton (D:11)
  A worker ant zombie (D:10)
  10 gnolls
  7 adders
  A river rat (D:3)
  2 shadow imps (D:6)
  An ooze (D:1)
  2 adder skeletons
  7 worms
  6 leopard geckos
  42 orcs
  A ball python (D:2)
  8 giant cockroaches
  6 goblins
  4 hobgoblins
  4 quokkas
  16 bats
  4 frilled lizards
  3 goblin zombies (D:10)
  A hobgoblin skeleton (D:10)
  2 hobgoblin zombies (D:10)
  11 kobolds
  A leopard gecko zombie (D:5)
  An orc skeleton (D:10)
  12 orc zombies (D:10)
  A quokka skeleton (D:6)
  2 quokka zombies
  6 rats
  A fulminant prism (D:9)
  A fungus (Lair:5)
439 creatures vanquished.

Vanquished Creatures (others)
  A kraken (D:1)
  A ghoul (D:1)
  A minotaur (D:1)
  A gargoyle (D:1)
  2 spriggans (D:1)
  A human (D:1)
  A slave (D:8)
  A dwarf (D:1)
  A crimson imp (D:8)
  A worker ant (D:8)
  2 kobolds (D:1)
  2 fulminant prisms (D:9)
  4 fungi
  17 plants
  4 tentacles (D:1)
40 creatures vanquished.

Grand Total: 479 creatures vanquished

Notes
Turn   | Place    | Note
-------+----------+-------------------------------------------
     0 | D:1      | Leibowitz the Spriggan Enchanter began the quest for the
                  | Orb.
     0 | D:1      | Reached XP level 1. HP: 9/9 MP: 5/5
     2 | D:1      | Killed a spriggan
     5 | D:1      | Noticed a minotaur
     5 | D:1      | Noticed a spriggan
     5 | D:1      | Noticed a ghoul
     5 | D:1      | Noticed a dwarf
     5 | D:1      | Noticed a human
     5 | D:1      | Noticed a gargoyle
     5 | D:1      | Noticed a ghoul
     5 | D:1      | Noticed a kraken
     5 | D:1      | Noticed a draconian
     5 | D:1      | Noticed a ghoul
     5 | D:1      | Noticed a vine stalker
     5 | D:1      | Noticed a formicid
     8 | D:1      | Killed a dwarf
    10 | D:1      | Killed a human
    13 | D:1      | Killed a spriggan
    14 | D:1      | Killed a minotaur
    14 | D:1      | Killed a ghoul
    16 | D:1      | Killed a gargoyle
    20 | D:1      | Killed a kraken
   442 | D:1      | Reached XP level 2. HP: 13/13 MP: 6/6
   446 | D:1      | Learned a level 2 spell: Ensorcelled Hibernation
   946 | D:1      | Reached XP level 3. HP: 15/16 MP: 8/8
   951 | D:1      | Learned a level 3 spell: Confuse
  1578 | D:2      | Reached skill level 5 in Stealth
  1582 | D:2      | Reached XP level 4. HP: 21/21 MP: 6/10
  1851 | D:2      | Found a snail-covered altar of Cheibriados.
  2208 | D:3      | Reached skill level 1 in Ice Magic
  2366 | D:3      | Found a glowing drain.
  2433 | Sewer    | Entered a sewer
  2610 | Sewer    | Noticed Purgy
  2642 | Sewer    | Killed Purgy
  2642 | Sewer    | Reached skill level 6 in Stealth
  2642 | Sewer    | Reached XP level 5. HP: 22/24 MP: 8/12
  3136 | D:3      | Reached XP level 6. HP: 20/28 MP: 0/14
  3703 | D:4      | Noticed Grinder
  3706 | D:4      | Reached skill level 5 in Spellcasting
  3706 | D:4      | Reached skill level 5 in Hexes
  3714 | D:4      | Noticed Grinder
  3714 | D:4      | Grinder changed into Grinder the crimson imp
  3819 | D:4      | Killed Grinder the crimson imp
  3872 | D:4      | Reached skill level 5 in Dodging
  3872 | D:4      | Reached XP level 7. HP: 32/32 MP: 7/15
  4030 | D:4      | Noticed Sigmund
  4302 | D:4      | Noticed Natasha
  4334 | D:4      | Killed Natasha
  4523 | D:4      | Noticed Natasha
  4564 | D:4      | Killed Natasha
  4705 | D:4      | Killed Sigmund
  4877 | D:4      | Reached skill level 7 in Stealth
  5063 | D:5      | Entered Level 5 of the Dungeon
  5063 | D:5      | Noticed Duvessa
  5063 | D:5      | Noticed Dowan
  5288 | D:5      | Found Cetus's Antique Armour Shoppe.
  5303 | D:5      | Killed Dowan
  5303 | D:5      | Reached XP level 8. HP: 37/37 MP: 7/19
  5392 | D:5      | Found Poibryfi's General Store.
  5404 | D:5      | Bought a potion of curing for 39 gold pieces
  5404 | D:5      | Bought a scroll of teleportation for 39 gold pieces
  5419 | D:5      | Found Ajeaz's Antique Armour Shoppe.
  5847 | D:5      | Found a burning altar of Makhleb.
  6138 | D:5      | Found an ornate altar of the Wu Jian Council.
  6162 | D:5      | Found a glowing silver altar of Zin.
  6786 | D:5      | Killed Duvessa
  6786 | D:5      | Reached skill level 8 in Stealth
  7174 | D:6      | Found Nisyigg's Weapon Shoppe.
  7297 | D:6      | Reached XP level 9. HP: 40/40 MP: 13/22
  7698 | D:6      | Found a shimmering altar of Xom.
  8208 | D:7      | Found Boxaf's Distillery.
  8212 | D:7      | Bought a potion of mutation for 104 gold pieces
  8321 | D:7      | Reached skill level 9 in Stealth
  8445 | D:7      | Found a shadowy altar of Dithmenos.
  8504 | D:7      | Found a staircase to the Ecumenical Temple.
  8516 | Temple   | Entered the Ecumenical Temple
  8613 | Temple   | Became a worshipper of Sif Muna the Loreminder
  8992 | D:8      | Noticed Pikel
  9012 | D:8      | Noticed Grum
  9211 | D:8      | Killed Grum
  9224 | D:8      | Killed Pikel
  9224 | D:8      | Reached * piety under Sif Muna
  9224 | D:8      | Reached skill level 1 in Fighting
  9224 | D:8      | Reached skill level 10 in Stealth
  9606 | D:8      | Found a sacrificial altar of Ru.
  9716 | D:8      | Reached XP level 10. HP: 45/45 MP: 24/24
  9752 | D:8      | Noticed Erica
  9773 | D:8      | Killed Erica
  9812 | D:8      | Reached skill level 10 in Spellcasting
  9845 | D:8      | Reached ** piety under Sif Muna
 10504 | D:9      | Reached skill level 11 in Stealth
 10630 | D:9      | Learned a level 4 spell: Fulminant Prism
 10833 | D:9      | Reached skill level 10 in Dodging
 10957 | D:9      | Reached skill level 10 in Hexes
 11061 | D:9      | Found a staircase to the Lair.
 11227 | Lair:1   | Entered Level 1 of the Lair of Beasts
 11288 | Lair:1   | Found a labyrinth entrance.
 11297 | Lab      | Entered a labyrinth
 11598 | Lab      | Noticed a minotaur
 11626 | Lab      | Killed a minotaur
 11626 | Lab      | Reached skill level 1 in Throwing
 11630 | Lab      | Got a shimmering marble ring
 11634 | Lab      | Identified the ring of Untruth {*Contam rF+ Str+2 Slay+4}
                  | (You found it in a labyrinth)
 11653 | Lab      | Got a warped leather armour
 11702 | Lair:1   | Noticed a spiny frog
 11709 | Lair:1   | Killed a spiny frog
 11709 | Lair:1   | Reached *** piety under Sif Muna
 11709 | Lair:1   | Reached XP level 11. HP: 49/49 MP: 25/27
 11727 | Lair:1   | Gained mutation: You are weak. (Str -2) [mutagenic glow]
 12299 | Lair:1   | Reached skill level 12 in Stealth
 12986 | Lair:2   | Noticed an oklob plant
 13231 | Lair:1   | Reached **** piety under Sif Muna
 13359 | Lair:2   | Found a hole to the Spider Nest.
 13629 | Lair:2   | Noticed a four-headed hydra
 13641 | Lair:2   | Killed a four-headed hydra
 13647 | Lair:2   | Reached skill level 13 in Stealth
 13814 | Lair:2   | Found a staircase to the Shoals.
 13836 | Lair:2   | Reached XP level 12. HP: 54/54 MP: 29/29
 14904 | Lair:3   | Got a crystal dagger
 14905 | Lair:3   | Identified the cursed +1 dagger of Grace {protect, rC- rN++
                  | Str+3 SInv} (You found it on level 3 of the Lair of Beasts)
 15584 | Lair:4   | Reached skill level 5 in Short Blades
 15714 | Lair:4   | Reached ***** piety under Sif Muna
 15741 | Lair:4   | Identified Sif Muna's Almanac of Doomed Attacks (Sif Muna
                  | gifted it to you on level 4 of the Lair of Beasts)
 15741 | Lair:4   | Received a gift from Sif Muna
 15764 | Lair:4   | Learned a level 3 spell: Dazzling Spray
 15768 | Lair:4   | Learned a level 3 spell: Spectral Weapon
 16019 | Lair:4   | Reached skill level 14 in Stealth
 17047 | Lair:5   | Noticed a seven-headed hydra
 17096 | Lair:5   | Noticed Rupert
 17102 | Lair:5   | Paralysed by Rupert for 5 turns
 17118 | Lair:5   | HP: 1/54 [komodo dragon (24)]
 17129 | Lair:5   | Found a staircase to the Slime Pits.
 17414 | Lair:5   | Killed a seven-headed hydra
 17855 | D:10     | Entered Level 10 of the Dungeon
 18219 | D:10     | Found a portal to a secret trove of treasure.
 18607 | D:10     | Found a staircase to the Orcish Mines.
 19170 | D:10     | Reached XP level 13. HP: 58/58 MP: 31/31
 19332 | Orc:1    | Entered Level 1 of the Orcish Mines
 19332 | Orc:1    | Noticed Nergalle
 19654 | D:11     | Noticed Fannar
 19663 | D:11     | Killed Fannar
 19666 | D:11     | Reached skill level 15 in Stealth
 19696 | D:11     | Identified a scroll of acquirement
 19697 | D:11     | Got a translucent lajatang
 19698 | D:11     | Identified the +5 lajatang "Conservator" {slice, rF+ MR+
                  | Dex-3} (You acquired it on level 11 of the Dungeon)
 20013 | D:11     | Received a gift from Sif Muna
 20264 | D:11     | Noticed Harold
 20292 | D:11     | Killed Harold
 20592 | D:12     | Found a blossoming altar of Fedhas.
 22744 | D:13     | Found a white marble altar of Elyvilon.
 22766 | D:13     | Learned a level 1 spell: Infusion
 22769 | D:13     | Learned a level 2 spell: Shroud of Golubria
 22772 | D:13     | Learned a level 2 spell: Song of Slaying
 22776 | D:13     | Learned a level 3 spell: Regeneration
 22892 | D:13     | Mangled by an orc warrior

Vault maps used:
D:1:      nicolae_arrival_kraken_aquarium_b, minmay_tiny_reverse_x
D:2:      cheibriados_altar_1, first_ration, nrook_uturn
D:3:      portal_sewer_entry_b
D:4:      minmay_misc_feat_secret_circle, uniq_grinder, uniq_natasha,
          uniq_sigmund
D:5:      makhleb_grotto_becter, chequers_temple_overflow_statue_of_worship,
          serial_shops, nicolae_shop_window_shopping, shop, shop_fountains,
          uniq_duvessa
D:6:      nicolae_overflow_hidden_temple, kennysheep_little_box, serial_shops,
          nicolae_shop_waterfront
D:7:      lemuel_round_altar, minmay_temple_entry_butterflies, serial_shops,
          shop
D:8:      nicolae_ru_sacrificial_ziggurat, uniq_erica, uniq_grum, uniq_pikel
D:9:      david_lair_shrubbed
D:10:     zombieorc1_lemuel, enter_trove_3
D:11:     blue_anna_alchemist, uniq_fannar, uniq_harold
D:12:     fedhas_altar_2
D:13:     basic_altar, special_room, argonaut_gorgonesque
Temple:   jpeg_temple_clearing
Lair:1:   lab_entry_generic, serial_bayou_pond_e, beast_lair_carwin_10
Lair:2:   elwin_shoals_entry_rocks, spider_nest_entry_webs,
          serial_bayou_shore_b, minmay_lair_oklob_chamber, grunt_megastairs_4,
          serial_bayou_shore_b
Lair:3:   nicolae_lair_grove_arrangements, minmay_hedge_maze, lemuel_fruit_tree
Lair:4:   minmay_lindwurm_lava
Lair:5:   minmay_slime_entry_oklob_open, ebering_ghost_rock_garden,
          portal_ice_cave_demonic_guard, serial_bayou, serial_bayou_shore_b,
          serial_bayou_shore_a, serial_bayou_lake_a, serial_bayou_pond_b,
          uniq_rupert
Orc:1:    mines2_david, uniq_nergalle, uniq_maurice
Lab:      labyrinth_watery
Sewer:    sewer_big_baddie

Skill      XL: |  1  2  3  4  5  6  7  8  9 10 11 12 13 |
---------------+----------------------------------------+-----
Spellcasting   | 3 4 5 6 8 9 11 12 13 14 | 14.4
Hexes          | 4 5 7 8 10 11 13 | 13.7
Stealth        | 5 6 7 8 10 11 13 14 15 | 15.9
Ice Magic      | 1 2 3 4 |  4.9
Dodging        | 4 5 7 8 10 11 12 13 | 13.4
Short Blades   | 2 3 4 5 |  5.9
Fighting       | 1 2 |  2.5
Throwing       | 1 |  1.1
Conjurations   | |  0.1
Evocations     | |  0.4

Action                   |  1- 3 |  4- 6 |  7- 9 | 10-12 | 13-15 || total
-------------------------+-------+-------+-------+-------+-------++-------
Melee: Dagger            |    80 |   125 |   269 |   487 |   128 ||  1089
       Quick blade       |       |       |       |       |   113 ||   113
 Fire: Blowgun           |       |       |       |       |     5 ||     5
Throw: Tomahawk          |       |     6 |    18 |     6 |       ||    30
 Cast: Corona            |    13 |       |       |       |       ||    13
       Ensorcelled Hiber |    21 |    35 |    82 |   137 |    24 ||   299
       Confuse           |     1 |    12 |    38 |    71 |    39 ||   161
       Fulminant Prism   |       |       |       |     3 |       ||     3
       Dazzling Spray    |       |       |       |     8 |    13 ||    21
       Infusion          |       |       |       |       |     2 ||     2
       Shroud of Golubri |       |       |       |       |     1 ||     1
       Song of Slaying   |       |       |       |       |     1 ||     1
 Abil: Evoke Flight      |       |       |       |     1 |       ||     1
Evoke: Wand              |       |     1 |       |     9 |       ||    10
  Use: Scroll            |       |       |     6 |    17 |     3 ||    26
       Potion            |       |       |       |    11 |     1 ||    12
 Stab: Sleeping          |    23 |    21 |    57 |   108 |    36 ||   245
       Distracted        |     1 |       |       |     4 |       ||     5
       Confused          |     1 |     6 |    18 |    56 |    28 ||   109
       Invisible         |       |       |       |     2 |     7 ||     9
  Eat: Ration            |       |     2 |     3 |     5 |     2 ||    12
Armor: Robe              |     9 |    13 |     4 |    15 |     6 ||    47
Dodge: Dodged            |    47 |   130 |   193 |   445 |   154 ||   969

Table legend:
 A = Non-vault XP
 B = Vault XP
 C = Vault XP percentage of total XP
 D = Non-vault monster count
 E = Vault monster count
 F = Vault count percentage of total count
                 A         B        C        D         E       F
            +---------+---------+-------+---------+---------+-------
      Total |   39548 |   13969 |  26.1 |     357 |      80 |  18.3
            +---------+---------+-------+---------+---------+-------
        D:1 |      38 |       3 |   7.3 |      21 |       2 |   8.7
        D:2 |      60 |       0 |   0.0 |      17 |       0 |   0.0
        D:3 |     190 |      16 |   7.8 |      20 |       3 |  13.0
        D:4 |     505 |     310 |  38.0 |      22 |       3 |  12.0
        D:5 |     623 |     263 |  29.7 |      15 |       3 |  16.7
        D:6 |     997 |       0 |   0.0 |      24 |       0 |   0.0
        D:7 |     687 |     350 |  33.8 |       9 |       3 |  25.0
        D:8 |     983 |    1732 |  63.8 |      25 |       3 |  10.7
        D:9 |    2110 |     361 |  14.6 |      26 |       1 |   3.7
       D:10 |    3269 |     747 |  18.6 |      42 |      29 |  40.8
       D:11 |    3532 |    2110 |  37.4 |      25 |       3 |  10.7
       D:12 |    6297 |       0 |   0.0 |      32 |       0 |   0.0
       D:13 |    3031 |       3 |   0.1 |      11 |       1 |   8.3
     Lair:1 |    2802 |    2580 |  47.9 |      13 |       9 |  40.9
     Lair:2 |    7271 |    1328 |  15.4 |      27 |       8 |  22.9
     Lair:3 |    1128 |       0 |   0.0 |       8 |       0 |   0.0
     Lair:4 |    4009 |    2566 |  39.0 |      12 |       4 |  25.0
     Lair:5 |    2016 |     264 |  11.6 |       8 |       1 |  11.1
        Lab |       0 |    1192 | 100.0 |       0 |       1 | 100.0
      Sewer |       0 |     144 | 100.0 |       0 |       6 | 100.0
            +---------+---------+-------+---------+---------+-------
